 Dungeon Sprint DCSS version 0.23.2-1-ga50397a6bc (webtiles) character file.

Game seed: 5971462067117944986

16727 Kobolds4U the Imperceptible (level 12, -21/62 HPs)
             Began as a Spriggan Assassin on May 22, 2019.
             Was the Champion of Okawaru.
             Killed from afar by a deep elf annihilator (62 damage)
             ... with a crystal spear
             ... in the Dungeon (Sprint I: "Red Sonja").
             The game lasted 00:15:14 (2249 turns).

Kobolds4U the Imperceptible (Spriggan Assassin)     Turns: 2249, Time: 00:15:15

Health: -21/62     AC:  5    Str: 12    XL:     12   Next: 12%
Magic:  0/28       EV: 37    Int: 21    God:    Okawaru [******]
Gold:   1486       SH:  9    Dex: 18    Spells: 24/33 levels left

rFire    . . .     SeeInvis +   t - +0 rapier
rCold    . . .     Gourm    .   v - +2 buckler {AC+3}
rNeg     + . .     Faith    .   x - +0 robe of Disuep {rElec Regen+ Int+2 Dex-4}
rPois    .         Spirit   +   (helmet restricted)
rElec    +         Reflect  .   s - scarf {Spirit}
rCorr    .         Harm     .   (gloves unavailable)
MR       ++...     NoTele   +   (boots unavailable)
Stlth    +++++++++.             (no amulet)
HPRegen  0.60/turn              r - +6 ring of intelligence
MPRegen  0.21/turn              y - ring of positive energy

@: mighty, lethally poisoned (-21 -> -26), heroism, finesse, mesmerised, slowed,
quick
A: very small, unfitting armour, see invisible, herbivore, speed 3, slow
metabolism 2
a: Heroism, Finesse, Renounce Religion


You were in the Dungeon.
You worshipped Okawaru.
Okawaru was exalted by your worship.
You were not hungry.

You visited 1 branch You collected 2116 gold pieces.
You spent 630 gold pieces at shops.

Inventory:

Hand Weapons
 a - a +2 dagger
 b - a +0 blowgun
 p - a +1 dagger of speed
 t - a +0 rapier (weapon)
 w - a +1 falchion of holy wrath
Missiles
 e - 8 poisoned needles
 f - 6 curare-tipped needles
 m - 73 arrows
Armour
 c - a +0 robe
 d - a +0 cloak
 s - a scarf of spirit shield (worn)
 v - a +2 buckler of protection (worn)
 x - the +0 robe of Disuep (worn) {rElec Regen+ Int+2 Dex-4}
   (Okawaru gifted it to you in the Dungeon)

   It affects your intelligence (+2).
   It affects your dexterity (-4).
   It insulates you from electricity.
   It increases your rate of regeneration.
Jewellery
 r - a +6 ring of intelligence (left hand)
 y - a ring of positive energy (right hand)
Potions
 h - 6 potions of curing
 i - a potion of heal wounds
 j - a potion of haste
 k - 2 potions of magic
 l - a potion of berserk rage
 n - a potion of invisibility
 o - a potion of ambrosia
Comestibles
 g - 2 rations


   Skills:
 * Level 6.5(11.5) Fighting
 + Level 13.3(18.3) Short Blades
 - Level 2.0(7.0) Throwing
 + Level 18.8(23.8) Dodging
 - Level 23.3(27) Stealth
 - Level 11.3 Spellcasting
 - Level 11.0 Hexes
 - Level 5.2 Translocations
 + Level 11.2 Invocations


You had 24 spell levels left.
You knew the following spells:

 Your Spells              Type           Power        Failure   Level  Hunger
a - Slow                  Hex            ######..     1%          2    None
b - Cause Fear            Hex            ######....   1%          4    #......
c - Portal Projectile     Hex/Tloc       #####.       1%          3    None

Your spell library contained the following spells:

 Spells                   Type           Power        Failure   Level  Hunger
 Corona                   Hex            ######.      1%          1    None
 Inner Flame              Hex/Fire       ####....     1%          3    None
 Leda's Liquefaction      Hex/Erth       ####......   7%          4    #......


Dungeon Overview and Level Annotations

Branches:
Dungeon (1/1)

Altars:
Cheibriados
Dithmenos
Elyvilon
Fedhas
Gozag
Hepliaklqana
Kikubaaqudgha
Makhleb
Nemelex Xobeh
Okawaru
Qazlal
Ru
Sif Muna
Trog
Uskayaw
Vehumet
Wu Jian
Xom
Yredelemnul
Zin
The Shining One
Jiyva
Lugonu

Shops:
D (:[(


Innate Abilities, Weirdness & Mutations

You are very small and have problems with some larger weapons.
You are too small for most types of armour.
You have supernaturally acute eyesight. (SInv)
You are a herbivore.
You cover ground extremely quickly.
You need to consume almost no food.


Message History

The hellwing completely misses you. The hornet completely misses you.
The deep elf annihilator completely misses you.
The merfolk siren chants its luring song.
You can now deal lightning-fast blows.
You feel very sick.
The hornet completely misses you. x3; The hellwing completely misses you.
The hellwing closely misses you. The hornet closely misses you.
You block the hornet's attack. x2
The merfolk siren chants its luring song.
You block the deep elf annihilator's attack.
The hellwing completely misses you. x2; The hornet misses you.
The hornet closely misses you.
You gain the combat prowess of a mighty hero.
You feel sick. The hornet completely misses you. x2
The merfolk siren chants its luring song.
The hornet barely misses you.
The deep elf annihilator casts a spell at you.
The crystal spear hits you!!!
Ouch! That really hurt!
You die...

#######################
§§§.§§.§§§.'..#^^+§§§§#
§####§§.§§##..'^^#.§§§##
.#
##§§§#######'#§§§§$#####
.# ###+#
?!##.e#§§§§§#...# ##
#.##$$$#y@##§§§§#(∩.# ^#
#..###$#yy4###'##...# ○+
##.#A#$#.m≈.)#)####'# °#
#..###$#..≈.##+#§§§.##
.#
#.##..$#..≈##§..§§§..##
##
#..#+###..≈#.§§§..§§..#
# ##...#
≈ym##.§§§.^....## #
###.# ≈..#.....§......#
#.###..#............#


You could see a deep elf annihilator, a hellwing, 2 merfolk sirens and 4
hornets.

Vanquished Creatures
  A golden dragon (D)
  A shadow dragon (D)
  A hydra (D)
  2 centaur warriors (D)
  Sonja (D)
  7 unseen horrors (D)
  A deep troll (D)
  A lindwurm (D)
  An oklob plant (D)
  A gargoyle (D)
  2 kobold demonologists (D)
  4 demonic crawlers (D)
  A hornet (D)
  A slime creature (D)
  Sigmund (D)
  2 redbacks (D)
  13 hogs (D)
  A yak (D)
  2 floating eyes (D)
  An ogre (D)
  A jelly (D)
  Ijyb (D)
47 creatures vanquished.

Vanquished Creatures (others)
  A gargoyle (D)
  2 ballistomycete spores (D)
3 creatures vanquished.

Grand Total: 50 creatures vanquished

Notes
Turn   | Place    | Note
-------+----------+-------------------------------------------
     0 | D        | Kobolds4U the Spriggan Assassin began the quest for the
                  | Orb.
     0 | D        | Reached XP level 1. HP: 10/10 MP: 2/2
     1 | D        | Noticed Ijyb
     4 | D        | Killed Ijyb
     4 | D        | Reached skill level 10 in Stealth
     4 | D        | Reached XP level 2. HP: 14/14 MP: 3/3
     6 | D        | Noticed an ogre
     9 | D        | Killed an ogre
     9 | D        | Reached skill level 14 in Stealth
     9 | D        | Reached XP level 3. HP: 18/18 MP: 4/4
     9 | D        | Reached XP level 4. HP: 22/22 MP: 5/5
    19 | D        | Noticed Sigmund
    22 | D        | Killed Sigmund
    22 | D        | Reached skill level 18 in Stealth
    22 | D        | Reached XP level 5. HP: 25/25 MP: 6/6
    22 | D        | Reached XP level 6. HP: 30/30 MP: 7/7
    34 | D        | Found an ornate altar of the Wu Jian Council.
    34 | D        | Found a deep blue altar of Sif Muna.
    36 | D        | Found a radiant altar of Vehumet.
    42 | D        | Found Zeaq's Book Emporium.
    42 | D        | Found an ancient bone altar of Kikubaaqudgha.
    42 | D        | Found a hazy altar of Hepliaklqana.
    42 | D        | Found a stormy altar of Qazlal.
    42 | D        | Found a hide-covered altar of Uskayaw.
    42 | D        | Found a blossoming altar of Fedhas.
    42 | D        | Found a bloodstained altar of Trog.
    42 | D        | Found an iron altar of Okawaru.
    42 | D        | Found a basalt altar of Yredelemnul.
    42 | D        | Found a glowing golden altar of the Shining One.
    42 | D        | Found a snail-covered altar of Cheibriados.
    42 | D        | Found a sacrificial altar of Ru.
    42 | D        | Found a glowing silver altar of Zin.
    42 | D        | Found a shadowy altar of Dithmenos.
    42 | D        | Found a white marble altar of Elyvilon.
    42 | D        | Noticed a yak
    43 | D        | Found an opulent altar of Gozag.
    44 | D        | Killed a yak
    44 | D        | Reached skill level 20 in Stealth
    45 | D        | Found a sparkling altar of Nemelex Xobeh.
    50 | D        | Became a worshipper of Warmaster Okawaru
    87 | D        | Found a burning altar of Makhleb.
    87 | D        | Found a viscous altar of Jiyva.
    87 | D        | Found a shimmering altar of Xom.
    87 | D        | Found a corrupted altar of Lugonu.
    87 | D        | Noticed a slime creature
    90 | D        | Killed a slime creature
    90 | D        | Reached skill level 21 in Stealth
    90 | D        | Reached XP level 7. HP: 33/33 MP: 8/8
   103 | D        | Noticed a kobold demonologist
   104 | D        | Noticed a kobold demonologist
   106 | D        | Reached * piety under Okawaru
   108 | D        | Killed a kobold demonologist
   108 | D        | Reached skill level 5 in Dodging
   110 | D        | Killed a kobold demonologist
   110 | D        | Reached ** piety under Okawaru
   110 | D        | Reached XP level 8. HP: 42/42 MP: 9/9
   132 | D        | Noticed a centaur warrior
   134 | D        | Noticed a centaur warrior
   136 | D        | Killed a centaur warrior
   136 | D        | Reached *** piety under Okawaru
   136 | D        | Reached skill level 10 in Short Blades
   137 | D        | Killed a centaur warrior
   137 | D        | Reached skill level 10 in Dodging
   137 | D        | Reached skill level 5 in Invocations
   137 | D        | Reached XP level 9. HP: 45/45 MP: 9/14
   181 | D        | Noticed an oklob plant
   183 | D        | Killed an oklob plant
   201 | D        | Bought a book of Debilitation for 400 gold pieces
   204 | D        | Learned a level 2 spell: Slow
   209 | D        | Learned a level 4 spell: Cause Fear
   233 | D        | Reached **** piety under Okawaru
   233 | D        | Reached skill level 1 in Spellcasting
   233 | D        | Reached skill level 1 in Hexes
   272 | D        | Learned a level 3 spell: Portal Projectile
   272 | D        | Noticed a deep troll
   274 | D        | Killed a deep troll
   274 | D        | Reached skill level 5 in Spellcasting
   274 | D        | Reached XP level 10. HP: 50/50 MP: 14/18
   305 | D        | Found Apebbiory's Armour Emporium.
   310 | D        | Bought a scarf of spirit shield for 126 gold pieces
   454 | D        | Noticed an unseen horror
   455 | D        | Noticed an unseen horror
   461 | D        | Killed an unseen horror
   461 | D        | Reached skill level 5 in Hexes
   463 | D        | Killed an unseen horror
   463 | D        | Reached skill level 5 in Translocations
   487 | D        | Noticed Sonja
   490 | D        | Killed Sonja
   490 | D        | Reached skill level 22 in Stealth
   506 | D        | Found Zomiaxoz's Antique Weapon Boutique.
   514 | D        | Bought a rapier for 104 gold pieces
   737 | D        | Killed a gargoyle
   776 | D        | Reached ***** piety under Okawaru
   779 | D        | Reached skill level 23 in Stealth
   790 | D        | Noticed a gargoyle
   861 | D        | Killed a gargoyle
   861 | D        | Reached skill level 15 in Dodging
  1060 | D        | Noticed a lindwurm
  1062 | D        | Killed a lindwurm
  1122 | D        | Received a gift from Okawaru
  1138 | D        | Reached XP level 11. HP: 35/53 MP: 17/23
  1301 | D        | Noticed a 12-headed hydra
  1303 | D        | Killed a 12-headed hydra
  1476 | D        | Noticed a daeva
  1480 | D        | Noticed an unseen horror
  1480 | D        | Noticed an unseen horror
  1480 | D        | Noticed an unseen horror
  1480 | D        | Noticed an unseen horror
  1482 | D        | Killed an unseen horror
  1483 | D        | Noticed an unseen horror
  1484 | D        | Killed an unseen horror
  1485 | D        | Killed an unseen horror
  1485 | D        | Reached skill level 10 in Spellcasting
  1528 | D        | Killed an unseen horror
  1528 | D        | Reached skill level 10 in Hexes
  1554 | D        | Killed an unseen horror
  1554 | D        | Reached skill level 10 in Invocations
  1998 | D        | Noticed a shadow dragon
  1999 | D        | Noticed a golden dragon
  2003 | D        | Killed a shadow dragon
  2005 | D        | Killed a golden dragon
  2005 | D        | Reached ****** piety under Okawaru
  2005 | D        | Received a gift from Okawaru
  2005 | D        | Reached XP level 12. HP: 62/62 MP: 26/28
  2006 | D        | Got a silken robe {god gift}
  2032 | D        | Identified the +0 robe of Disuep {rElec Regen+ Int+2 Dex-4}
                  | (Okawaru gifted it to you in the Dungeon)
  2078 | D        | Found Pusmyru's Weapon Shoppe.
  2230 | D        | Noticed a deep elf annihilator
  2249 | D        | Killed from afar by a deep elf annihilator

Skill      XL: |  1  2  3  4  5  6  7  8  9 10 11 |
---------------+----------------------------------+-----
Stealth        | 10 14 18 21 23 | 23.3
Fighting       | 4 6 |  6.5
Short Blades   | 7 11 12 13 | 13.3
Dodging        | 6 10 12 16 18 | 18.8
Invocations    | 5 6 7 11 | 11.2
Spellcasting   | 5 7 11 | 11.3
Hexes          | 4 7 11 | 11.0
Translocations | 3 5 |  5.2
Throwing       | |  2.0

Action                   |  1- 3 |  4- 6 |  7- 9 | 10-12 || total
-------------------------+-------+-------+-------+-------++-------
Melee: Dagger            |     2 |     4 |    10 |     3 ||    19
       Rapier            |       |       |       |   336 ||   336
       Punch             |       |       |       |     2 ||     2
 Cast: Slow              |       |       |       |     3 ||     3
       Cause Fear        |       |       |       |     2 ||     2
Invok: Heroism           |       |       |       |     2 ||     2
       Finesse           |       |       |       |     1 ||     1
  Use: Scroll            |       |       |     1 |     2 ||     3
       Potion            |       |       |       |     1 ||     1
 Stab: Sleeping          |     2 |     4 |    10 |    15 ||    31
Armor: Robe              |       |       |       |    12 ||    12
Dodge: Dodged            |       |       |       |   226 ||   226
Block: Buckler           |       |       |       |    71 ||    71
